 Dungeon Crawl Stone Soup version 0.17-a0-1647-gb11a595 (console) character file.

1715 Monkaria the Thaumaturge (level 8, 0/41 HPs)
             Began as a Deep Elf Conjurer on Aug 12, 2015.
             Slain by ldierk's ghost (1 damage)
             ... in an ossuary.
             The game lasted 00:10:57 (6759 turns).

Monkaria the Thaumaturge (Deep Elf Conjurer)        Turns: 6759, Time: 00:10:57

Health: 0/41       AC:  3    Str:  5    XL:     8   Next: 74%
Magic:  10/25      EV: 12    Int: 23    God:
Gold:   271        SH:  0    Dex: 15    Spells: 3 memorised, 23 levels left

rFire  . . .     SeeInvis .     (no weapon)
rCold  . . .     Clarity  .     a - +0 robe
rNeg   . . .     SustAt   .     (no shield)
rPois  .         Gourm    .     (no helmet)
rElec  .         Spirit   .     (no cloak)
rCorr  .         Warding  .     (no gloves)
rMut   .         Stasis   .     v - +0 pair of boots
MR     .....                    (no amulet)
Stlth  ++........               (no ring)
                                p - ring of flight

@: very slightly contaminated, drained, not resistant to hostile enchantments,
unstealthy
A: no striking features
a: Evoke Flight


You were in an ossuary.
You were very hungry.

You visited 1 branch of the dungeon, and saw 6 of its levels.
You also visited: Ossuary.

You collected 271 gold pieces.

Inventory:

Missiles
 l - 6 poisoned needles
Armour
 a - a +0 robe (worn)
 v - a +0 pair of boots (worn)
Jewellery
 p - a ring of flight (left hand)
 t - an uncursed ring of teleportation
Magical devices
 y - a wand of frost (29)
 z - a wand of paralysis (17)
Scrolls
 n - 2 scrolls of teleportation
Potions
 g - 3 potions of cure mutation
 h - a potion of degeneration
 i - a potion of flight
 j - 2 potions of poison {unknown}
 s - a potion of brilliance
Books
 b - a book of Conjurations

   Spells                             Type                      Level
   a - Magic Dart                     Conjuration                  1
   b - Searing Ray                    Conjuration                  2
   c - Dazzling Spray                 Conjuration/Hexes            3
   d - Fulminant Prism                Conjuration/Hexes            4
   e - Iskenderun's Mystic Blast      Conjuration                  4
   f - Iskenderun's Battlesphere      Conjuration/Charms           5
 A - the Incunabulum of Earthen Transmutation
   (You found it on level 5 of the Dungeon)

   Spells                             Type                      Level
   a - Stoneskin                      Transmutation/Earth          2
   b - Sticks to Snakes               Transmutation                2
   c - Passwall                       Transmutation/Earth          3
   d - Ice Form                       Ice/Transmutation            4
Comestibles
 c - 3 bread rations
 d - 18 fruits
 f - 4 meat rations


   Skills:
 - Level 2.4(1.4) Dodging
 - Level 2.4(1.4) Stealth
 + Level 11.5(10.2) Spellcasting
 - Level 9.0(7.8) Conjurations


You had 23 spell levels left.
You knew the following spells:

 Your Spells              Type           Power        Failure   Level  Hunger
a - Magic Dart            Conj           ####         1%          1    None
b - Searing Ray           Conj           #####.       1%          2    None
c - Iskenderun's Mystic   Conj           #####...     2%          4    #......


Dungeon Overview and Level Annotations

Branches:
Dungeon (6/15)
 Temple: D:4-7

Altars:
Qazlal
Trog
Vehumet

Annotations:
Ossuary ldierk's ghost, experienced DrAK


Message History

Press: ? - help, Shift-Dir - straight line, f/p - ldierk's ghost
Aim: ldierk's ghost, wielding a weapon of freezing (heavily damaged)
You miscast Iskenderun's Mystic Blast.
You are very lightly contaminated with residual magic.
Nothing appears to happen.
Ldierk's ghost breathes negative energy at you.
The bolt of negative energy hits you!
You feel drained.
* * * LOW HITPOINT WARNING * * *
Unknown command.
Casting: Iskenderun's Mystic Blast
Confirm with . or Enter, or press ? or * to list all spells.
Aiming: Iskenderun's Mystic Blast
Press: ? - help, Shift-Dir - straight line, f/p - ldierk's ghost
Aim: ldierk's ghost, wielding a weapon of freezing (heavily damaged, catching its breath)
The orb of energy hits ldierk's ghost.
Ldierk's ghost is severely damaged.
The orb of energy explodes!
Ldierk's ghost hits you.
* * * LOW HITPOINT WARNING * * *
Ldierk's ghost freezes you.
You die...

### ### ###
###.###.###.#######
#.............#...#
'.............'.∩.#
#.............#^^.#
###.###.###.####'##
# ### ### ### #...#
## ##...## .#
#..@..# ## ##.W.##
# #...# ## #...# .#
#.....# ## ##...##
# #...# ## #...# .#
.....


You could see ldierk's ghost.

Vanquished Creatures
  Pikel (D:5)
  Menkaure (D:5)
  2 slaves (D:4)
  A black bear (D:5)
  An elf zombie (D:6)
  A giant frog (D:6)
  An elf skeleton (D:6)
  A scorpion (D:5)
  3 wights (D:4)
  A crimson imp (D:5)
  A human zombie (D:6)
  A jelly (D:5)
  A giant frog skeleton (D:5)
  2 hounds
  A worker ant (D:4)
  4 orc wizards
  2 human skeletons (D:6)
  A killer bee zombie (D:5)
  A big kobold zombie (Ossuary)
  A hound skeleton (D:5)
  3 mummies (Ossuary)
  6 adders
  3 gnolls (D:2)
  An adder zombie (Ossuary)
  5 worms
  2 giant geckos
  12 orcs
  2 ball pythons
  12 goblins
  13 hobgoblins
  3 quokkas
  9 bats
  5 giant cockroaches
  5 giant newts
  2 goblin zombies (Ossuary)
  7 hobgoblin zombies (Ossuary)
  6 jackals
  A jackal skeleton (D:4)
  9 kobolds
  2 kobold zombies (Ossuary)
  An orc skeleton (D:6)
  2 quokka skeletons (D:5)
  A quokka zombie (Ossuary)
  8 rats
  4 rat zombies (Ossuary)
152 creatures vanquished.

Notes
Turn   | Place    | Note
--------------------------------------------------------------
     0 | D:1      | Monkaria the Deep Elf Conjurer began the quest for the Orb.
     0 | D:1      | Reached XP level 1. HP: 10/10 MP: 6/6
   138 | D:1      | Reached XP level 2. HP: 15/15 MP: 4/8
   181 | D:1      | Reached skill level 5 in Conjurations
   819 | D:1      | Learned a level 2 spell: Searing Ray
   832 | D:1      | You fall through a shaft!
   837 | D:2      | Reached XP level 3. HP: 19/19 MP: 7/9
  1104 | D:2      | Reached skill level 6 in Conjurations
  1120 | D:2      | Reached XP level 4. HP: 15/24 MP: 5/10
  2358 | D:3      | Reached skill level 7 in Conjurations
  2358 | D:3      | Reached XP level 5. HP: 25/28 MP: 7/11
  3945 | D:4      | Reached skill level 8 in Conjurations
  3945 | D:4      | Reached XP level 6. HP: 32/32 MP: 6/12
  4734 | D:4      | Reached skill level 9 in Conjurations
  4847 | D:5      | Entered Level 5 of the Dungeon
  4975 | D:5      | Noticed Menkaure
  4982 | D:5      | Learned a level 4 spell: Iskenderun's Mystic Blast
  4987 | D:5      | Killed Menkaure
  4987 | D:5      | Reached XP level 7. HP: 36/36 MP: 6/16
  5038 | D:5      | Reached skill level 5 in Spellcasting
  5165 | D:5      | Found a stormy altar of Qazlal.
  5260 | D:5      | Found a bloodstained altar of Trog.
  5298 | D:5      | Identified the Incunabulum of Earthen Transmutation
  5383 | D:5      | Found a radiant altar of Vehumet.
  5525 | D:5      | Noticed Pikel
  5786 | D:5      | Killed Pikel
  5786 | D:5      | Reached skill level 10 in Spellcasting
  5786 | D:5      | Reached XP level 8. HP: 11/41 MP: 10/24
  6214 | D:6      | Found a sand-covered staircase.
  6243 | D:6      | Reached skill level 11 in Spellcasting
  6337 | Ossuary  | Entered an ossuary
  6739 | Ossuary  | Noticed ldierk's ghost (experienced DrAK)
  6759 | Ossuary  | HP: 1/41 [ldierk's ghost (2)]
  6759 | Ossuary  | Slain by ldierk's ghost

Vault maps used:
D:1:      dpeg_arrival_brainrot
D:2:      minmay_misc_feat_columns
D:3:      first_bread, minmay_misc_feat_square, minivault_19,
          guppyfry_early_orc_mine
D:5:      nicolae_overflow_hidden_temple, grunt_qazlal_clouds, uniq_pikel,
          uniq_menkaure
D:6:      minmay_temple_entry_hall, nicolae_ossuary_entry_catacombs,
          dk_vineyard_3
Ossuary:  ossuary_minmay_chase

Action                   |  1- 3 |  4- 6 |  7- 9 || total
-------------------------+-------+-------+-------++-------
Melee: Unarmed           |    23 |     1 |     3 ||    27
 Cast: Magic Dart        |    70 |    94 |    31 ||   195
       Searing Ray       |     3 |    21 |    42 ||    66
       Iskenderun's Myst |       |       |     3 ||     3
Evoke: Wand              |       |       |     3 ||     3
  Use: Scroll            |       |       |    11 ||    11
       Potion            |       |       |     4 ||     4
  Eat: Chunk             |       |    12 |     4 ||    16
       Fruit             |       |     1 |       ||     1
